 Dungeon Crawl Stone Soup version 0.31-a0-879-g1609e0ac53 (webtiles) character file.

Game seed: 16618772687226294642

546 Armakuni the Cudgeller (level 7, -9/52 HPs)
             Began as a Human Wanderer on Oct 14, 2023.
             Was an Initiate of Elyvilon.
             Killed by divine providence
             ... invoked by an orc priest
              (16 damage)
             ... on level 4 of the Dungeon.
             The game lasted 00:09:53 (3391 turns).

Armakuni the Cudgeller (Human Wanderer)             Turns: 3391, Time: 00:09:54

Health: -9/52      AC:  6    Str: 12    XL:     7   Next: 53%
Magic:  10/10      EV:  8    Int: 14    God:    Elyvilon [......]
Gold:   243        SH:  0    Dex: 13    Spells: 10/10 levels left

rFire   + . .        a - +3 mace
rCold   + . .        (no shield)
rNeg    . . .        d - +0 robe
rPois   +            (no helmet)
rElec   +            b - +0 cloak
rCorr   +            i - +1 pair of gloves
SInv    .            f - +0 pair of boots
Will    +....        (no amulet)
Stlth   +            W - ring of willpower
HPRegen 0.28/turn    (no ring)
MPRegen 0.12/turn

%: no passive effects
@: resistant, constricted
A: no striking features
a: Renounce Religion


You were on level 4 of the Dungeon.
You worshipped Elyvilon.
Elyvilon was noncommittal.
You visited 2 branches of the dungeon, and saw 5 of its levels.

You collected 243 gold pieces.

Inventory:

Hand Weapons
 a - a +3 mace (weapon)
Missiles
 m - 6 poisoned darts (quivered)
Armour
 b - a +0 cloak (worn)
 d - a +0 robe (worn)
 f - a +0 pair of boots (worn)
 i - a +1 pair of gloves (worn)
Jewellery
 W - a ring of willpower (left hand)
Wands
 c - a wand of charming (10)
Scrolls
 g - a scroll of identify
 h - 2 scrolls of enchant weapon
 k - a scroll of noise


   Skills:
 - Level 3.0 Fighting
 + Level 7.6 Maces & Flails
 - Level 1.0 Throwing
 - Level 1.0 Dodging
 - Level 2.0 Spellcasting
 - Level 1.0 Transmutations
 + Level 2.2 Evocations


You had 10 spell levels left.
You didn't know any spells.
Your spell library contained the following spells:

 Spells                   Type           Power      Damage    Failure   Level
 Sting                    Tmut/Pois      8%         1d3       19%         1
 Ignite Poison            Fire/Tmut/Pois 2%         N/A       52%         3
 Gell's Gravitas          Tloc           1%         N/A       56%         3
 Inner Flame              Hex/Fire       1%         N/A       56%         3
 Teleport Other           Tloc           1%         N/A       56%         3
 Yara's Violent Unravell  Hex/Tmut       1%         3d3       99%         5
 Dispersal                Tloc           0%         N/A       100%        6
 Enfeeble                 Hex            0%         N/A       100%        7


Dungeon Overview and Level Annotations

Branches:
Dungeon (4/15)             Temple (1/1) D:4

Altars:
Dithmenos
Elyvilon
Gozag
Hepliaklqana
Kikubaaqudgha
Makhleb
Nemelex Xobeh
Okawaru
Ru
Sif Muna
Trog
Wu Jian
Zin

Shops:
D:3 (

Portals:
Sewer: D:4


Message History

Something hits you but does no damage.
You barely miss something.
The orc priest hits you with a +0 hand axe.
* * * LOW HITPOINT WARNING * * *
Something hits you but does no damage.
You bump into the rock wall.
You feel less invigorated.
You feel less confused.
The orc priest hits you but does no damage.
Something hits you but does no damage.
You sock something!
The orc priest calls down the wrath of Beogh upon you.
Beogh smites you!
* * * LOW HITPOINT WARNING * * *
You hear some strange, mumbled words.
A puff of flame appears from out of thin air!
The puff of flame hits you but does no damage.
As you read the scroll of teleportation, it crumbles to dust.
You feel strangely unstable. The orc priest closely misses you.
Something hits you but does no damage.
You hit the orc priest but do no damage.
The orc priest casts a cantrip, but nothing happens.
Something hits you.
* * * LOW HITPOINT WARNING * * *
Your surroundings suddenly seem different.
Found a glowing drain.
A worm and a ball python come into view.
Found 16 gold pieces.
An ogre comes into view. It is wielding a +0 giant club.
A quokka comes into view.
You hear the slow rusting of a drain nearby.
The orc priest shouts!
You hear a shout!
There is an escape hatch in the floor here.
The ogre shouts!
The ball python bites you but does no damage.
The ball python grabs you.
You stop descending the stairs.
The ball python constricts you.
* * * LOW HITPOINT WARNING * * *
The orc priest invokes the aid of Beogh against you.
Beogh smites you!
You die...

##..######...#.<.###..
........................
...).......<.o...........
.........................
............{............
......~~§................
.....~~§~~...............
....§§§~~§~..............
....§§§>~§~.....@.r......
#...~~~§§§§##...S........
####.~~§~~.........##....
#..~~~..###O#.### ##
##.o######..#.## ..####{#
#...#..### ..o.o>.#
..........#
.$..###....##.....#.###
o..
.#####.$.......#######


You could see an ogre, an orc priest, a quokka and a ball python.

Vanquished Creatures
  Grinder (D:3)
  A scorpion (D:4)
  2 jellies
  A sleepcap (D:4)
  An iguana (D:4)
  An orc wizard (D:3)
  2 gnolls (D:1)
  3 adders
  2 worms (D:2)
  2 dart slugs
  4 orcs
  4 ball pythons
  5 bats
  5 endoplasms
  8 giant cockroaches
  5 goblins
  5 hobgoblins
  A jackal (D:1)
  7 quokkas
  3 frilled lizards
  7 kobolds
  4 rats
74 creatures vanquished.

Notes
Turn   | Place    | Note
-------+----------+-------------------------------------------
     0 | D:1      | Armakuni the Human Wanderer began the quest for the Orb.
     0 | D:1      | Armakuni set off with the following items: a +2 mace, a +0
                  | cloak, a potion of lignification, a +0 robe; and the
                  | following spell memorised: Sting; and the following spells
                  | available to memorise: Ignite Poison.
     0 | D:1      | Reached XP level 1. HP: 15/15 MP: 3/3
    21 | D:1      | Reached XP level 2. HP: 22/22 MP: 5/5
    99 | D:1      | Reached XP level 3. HP: 28/28 MP: 6/6
   681 | D:1      | Found a faded altar of an unknown god.
   685 | D:1      | Reached XP level 4. HP: 34/35 MP: 7/7
  1658 | D:2      | Reached skill level 5 in Maces & Flails
  2126 | D:3      | Found Laucu's Weapon Shop.
  2157 | D:3      | Reached XP level 5. HP: 40/41 MP: 8/8
  2193 | D:3      | Noticed Grinder
  2218 | D:3      | Paralysed by Grinder for 2 turns
  2226 | D:3      | Killed Grinder
  2227 | D:3      | Reached skill level 6 in Maces & Flails
  2227 | D:3      | Reached XP level 6. HP: 32/47 MP: 9/9
  2535 | D:3      | Reached skill level 7 in Maces & Flails
  2699 | D:3      | Reached XP level 7. HP: 34/52 MP: 10/10
  3145 | D:4      | Reached skill level 1 in Evocations
  3148 | D:4      | Found a staircase to the Ecumenical Temple.
  3183 | Temple   | Entered the Ecumenical Temple
  3331 | Temple   | Became a worshipper of Elyvilon the Healer
  3370 | D:4      | HP: 2/52 [something (2)]
  3371 | D:4      | Found a glowing drain.
  3391 | D:4      | Killed from afar by an orc priest

Illustrated notes

Levels and vault maps discovered:
D:1:      roadster_arrival_rocket_small, layout_loops_cross,
          basic_ecumenical_altar, corexii_hall_statues_s,
          minmay_stone_trees_small, minmay_crystal_water,
          minmay_misc_feat_more_columns, minmay_close_crescents
D:2:      layout_basic, st_stairs_9
D:3:      layout_loops_ring, serial_shops, nicolae_shop_bloodbath_and_beyond,
          uniq_grinder
D:4:      layout_rooms, grunt_temple_overflow_open, minmay_temple_entry_mist,
          cheibrodos_sewer_entry_drain
Temple:   nicolae_temple_god_jail

Skill      XL: |  1  2  3  4  5  6  7 |
---------------+----------------------+-----
Fighting       | 2 3 |  3.0
Maces & Flails | 5 6 7 |  7.6
Evocations     | 2 |  2.2
Throwing       | |  1.0
Dodging        | |  1.0
Spellcasting   | |  2.0
Transmutations | |  1.0

Action                     |  1- 3 |  4- 6 |  7- 9 || total
---------------------------+-------+-------+-------++-------
  Melee: Mace              |    67 |   124 |    51 ||   242
         Punch             |     1 |       |       ||     1
  Throw: Dart              |     3 |     2 |     1 ||     6
    Use: Potion            |     1 |     3 |     5 ||     9
         Scroll            |     2 |     6 |     1 ||     9
   Stab: Sleeping          |       |     1 |       ||     1
         Distracted        |       |     1 |       ||     1
 Armour: Skin              |    13 |       |       ||    13
         Robe              |    33 |    64 |    40 ||   137
  Dodge: Dodged            |    34 |    63 |    30 ||   127

Table legend: (Time is in decaauts)
 A = Elapsed time spent in this place.
 B = Non-inter-level travel time spent in this place.
 C = Inter-level travel time spent in this place.
 D = Time resting spent in this place.
 E = Time spent auto-exploring this place.
 F = Levels seen in this place.
 G = Mean time per level.
                   A        B        C        D        E       F      G
               +--------+--------+--------+--------+--------+-----+--------+
         Total |   3426 |   3290 |    136 |    664 |   1748 |   5 |  685.2 |
       Dungeon |   3267 |   3140 |    127 |    547 |   1748 |   4 |  816.8 |
        Temple |    159 |    150 |      9 |    117 |      0 |   1 |  159.0 |
               +--------+--------+--------+--------+--------+-----+--------+

Top non-repeatable levels by time:
     D:3: 1116 daAuts
     D:1: 1076 daAuts
     D:2: 972 daAuts
  Temple: 159 daAuts
     D:4: 102 daAuts
